Orko, chaotic male orcish Wizard ------ |.....# -------------- |....|# #.............| |....+##########|............. |....|# |............| |....|% .............| #.....| ------------.-# ###-.---- ##### # ### # # # # ## # ### -----------.- # # ..........G.| # ---.--- |....+F.Y..>| -----------# |.....| |......o....| |.........|# |.<...| ------------- |..........# |.....| |.........| ------- ----------- Orko the Evoker Experience level: 2 Strength: 12 Dexterity: 14 Constitution: 14 Intelligence: 16 Wisdom: 10 Charisma: 9 Health: 0(15) Energy: 6(11) Def: 2 Gold: 11 Moves: 566 Dungeon seed: k9zOKi9-x-AfxS5q Game ID: Orko_1568700914 Your Inventory: Spellbooks l - a blessed spellbook of force bolt m - an uncursed spellbook of sleep Rings C - an uncursed ring of searching (on left hand) D - an uncursed ring of regeneration (on right hand) Armor e - an uncursed +0 orcish helm h - an uncursed +0 orcish helm (being worn) n - an uncursed +0 cloak of magic resistance (being worn) Weapons a - an uncursed +0 orcish dagger (weapon in hand) b - a blessed +1 quarterstaff (alternate weapon; not wielded) Wands p - an uncursed wand of lightning named zi (0:7) K - an uncursed wand of sleep (0:5) Potions F - an uncursed potion of sleeping G - an uncursed potion of confusion H - an uncursed potion of gain ability Scrolls s - a blessed scroll of magic mapping E - an uncursed scroll of identify I - an uncursed scroll of create monster L - an uncursed scroll of earth Comestibles M - an uncursed food ration N - an uncursed slice of pizza Tools r - an uncursed tin whistle Coins $ - 11 gold pieces Spells and supernatural/magical abilities: Name Level Category Fail Memory a - force bolt 1 attack 0% 98% z - sleep 1 enchantment 0% 98% W - pray for help -- divine ? -- Your skills at the end: Fighting Skills Weapon Skills quarterstaff [Basic] Spellcasting Skills attack spells [Basic] enchantment spells [Basic] Final Attributes: You were fervently aligned. You were poison resistant. You were magic-protected. You were hallucinating. You had automatic searching. You had infravision. You regenerated. You are dead. Vanquished creatures: 3 jackals 3 goblins a grid bug a lichen 2 newts and a partridge in a pear tree 10 creatures vanquished. Voluntary challenges: You were an atheist. You used a wielded weapon 9 times, starting on turn 161. You read items or engraved 2 times, starting on turn 137. You never genocided any monsters. You never polymorphed an object. You never changed form. You used no wishes. You never split a pudding. You never wrote Elbereth's name. You violated your moral code, losing 14 points of alignment, starting on turn 488. You abstained from Elbereth's help. You werepermanently hallucinating. Dungeon overview: The Dungeons of Doom: levels 1 to 2 Level 1 a long staircase Level 2 <- You were here History has recorded: On T:1 you entered the Dungeons of Doom to retrieve the Amulet of Yendor! On T:317 you reached level 2 of The Dungeons of Doom. On T:496 you advanced to experience level 2. Score breakdown: Gold: 11 ( 3671 points) Experience: 2 levels ( 5570 points) Exploration: 2 levels ( 3.92%) ( 4242 points) Discoveries: 1 item ( 0.36%) ( 1805 points) Valuables value: (no points given unless you survive) Artifact value: 0 ( 0 points) Variety of kills: 5 monsters ( 1.31%) ( 3436 points) Turncount: 566 turns ( 0 points) Survival: died (score multiplied by 80%) Total score: 14979 Latest messages: $ - 11 gold pieces. The mastodon growls. The giant cockroach just misses! The corpse misses it. The killer penguin bites! b - a blessed +1 quarterstaff (weapon in hands). You are now wielding your orcish dagger. b - a blessed +1 quarterstaff (alternate weapon; not wielded). You hit it. The Elvenking bites! You hit it. The rothe bites! You hit it. The python bites! The spell misses it. The nurse just misses! The leocrotta just misses! The clay golem bites! You die... Final status: Goodbye Orko the Wizard, killed by a hallucinogen-distorted coyote... You died in The Dungeons of Doom on dungeon level 2 with 14979 points, and 11 pieces of gold, after 566 moves. You were level 2 with a maximum of 15 hit points when you died.